 Dungeon Crawl Stone Soup version 0.27-a0-1324-ge0d8e047f6 (webtiles) character file.

Game seed: 14019780421677322747

5387 Alarak the Blocker (level 10, -3/83 HPs)
             Began as a Gnoll Fighter on June 23, 2021.
             Was a Follower of Okawaru.
             Slain by a two-headed ogre (6 damage)
             ... on level 8 of the Dungeon on June 24, 2021.
             The game lasted 00:17:19 (9137 turns).

Alarak the Blocker (Gnoll Fighter)                  Turns: 9137, Time: 00:17:20

Health: -3/83      AC: 12    Str: 19    XL:     10   Next: 66%
Magic:  19/19      EV:  8    Int:  7    God:    Okawaru [*.....]
Gold:   430        SH: 11    Dex: 12    Spells: 21/21 levels left

rFire    . . .     SeeInvis .   g - +2 whip (vamp)
rCold    . . .     Faith    .   c - +0 kite shield
rNeg     . . .     Spirit   .   y - +0 chain mail
rPois    .         Reflect  .   x - +0 helmet
rElec    .         Harm     .   (no cloak)
rCorr    .         Rampage  .   (no gloves)
Will     .....                  (no boots)
Stlth    ..........             (no amulet)
HPRegen  0.23/turn              u - +4 ring of slaying
MPRegen  0.16/turn              d - ring of wizardry

@: no status effects
A: fangs 1, strong nose, distributed training
a: Renounce Religion, Heroism


You were on level 8 of the Dungeon.
You worshipped Okawaru.
Okawaru was aware of your devotion.
You visited 2 branches of the dungeon, and saw 9 of its levels.

You collected 430 gold pieces.

Inventory:

Hand Weapons
 a - a +1 flail of holy wrath
 g - a +2 vampiric whip (weapon)
 i - a +2 short sword of freezing
 r - a +3 hunting sling
Missiles
 s - 378 stones (quivered)
 B - a curare-tipped dart
Armour
 c - a +0 kite shield (worn)
 x - a +0 helmet (worn)
 y - a +0 chain mail (worn)
Magical Staves
 h - a staff of conjuration
Jewellery
 d - a ring of wizardry (right hand)
 u - a +4 ring of slaying (left hand)
Wands
 o - a wand of mindburst (13)
 t - a wand of iceblast (9)
 w - a wand of flame (18)
Scrolls
 e - 6 scrolls of identify
 f - a scroll of summoning {unknown}
 j - a scroll of teleportation
 m - 4 scrolls of immolation
 n - 2 scrolls of fog
 p - a scroll of fear
 A - a scroll of amnesia
Potions
 b - 3 potions of mutation
 k - a potion of brilliance
 l - 5 potions of curing
 q - 3 potions of attraction
 v - a potion of magic {unknown}
 z - 2 potions of flight {unknown}


   Skills:
 + Level 9.1 Fighting
 + Level 6.1 Short Blades
 + Level 7.7 Long Blades
 + Level 6.1 Axes
 + Level 6.1 Maces & Flails
 + Level 6.1 Polearms
 + Level 6.1 Staves
 + Level 6.1 Slings
 + Level 6.1 Bows
 + Level 6.1 Crossbows
 + Level 6.1 Throwing
 + Level 9.1 Armour
 + Level 6.1 Dodging
 + Level 6.1 Stealth
 + Level 9.1 Shields
 + Level 6.1 Unarmed Combat
 + Level 6.1 Spellcasting
 + Level 5.0 Conjurations
 + Level 5.0 Hexes
 + Level 5.0 Summonings
 + Level 5.0 Necromancy
 + Level 5.0 Translocations
 + Level 5.0 Transmutations
 + Level 5.0 Fire Magic
 + Level 5.0 Ice Magic
 + Level 5.0 Air Magic
 + Level 5.0 Earth Magic
 + Level 5.0 Poison Magic
 + Level 6.7 Invocations
 + Level 6.1 Evocations


You had 21 spell levels left.
You didn't know any spells.
Your spell library contained the following spells:

 Spells                   Type           Power      Damage    Failure   Level
 Animate Skeleton         Necr           18%        N/A       22%         1
 Pain                     Necr           36%        1d5       22%         1
 Sandblast                Erth           18%        2d7       22%         1
 Shock                    Conj/Air       36%        1d5       22%         1
 Passwall                 Tmut/Erth      7%         N/A       32%         2
 Stone Arrow              Conj/Erth      18%        3d8       52%         3
 Vampiric Draining        Necr           4%         2d6       52%         3
 Animate Dead             Necr           4%         N/A       89%         4
 Petrify                  Tmut/Erth      9%         N/A       89%         4
 Agony                    Necr           9%         N/A       99%         5
 Bolt of Magma            Conj/Fire/Erth 4%         4d5       99%         5
 Borgnjor's Vile Clutch   Necr/Erth      4%         N/A       99%         5
 Lee's Rapid Deconstruct  Erth           4%         3d6*      99%         5
 Silence                  Hex/Air        4%         N/A       99%         5


Dungeon Overview and Level Annotations

Branches:
Dungeon (8/15)             Temple (1/1) D:7
   Lair: D:8-11

Altars:
Ashenzari
Cheibriados
Dithmenos
Elyvilon
Fedhas
Gozag
Hepliaklqana
Kikubaaqudgha
Makhleb
Nemelex Xobeh
Okawaru
Qazlal
Ru
Sif Muna
Trog
Uskayaw
Vehumet
Wu Jian
Xom
Yredelemnul
Zin
The Shining One

Shops:
D:1 ?*   D:2 ?


Innate Abilities, Weirdness & Mutations

You have very sharp teeth.
Your uncanny sense of smell can sniff out nearby items.
Your experience applies equally to all skills.


Message History

The two-headed ogre hits you with a +0 giant club!!
You are too injured to fight recklessly!
You are too injured to fight recklessly!
You are too injured to fight recklessly!
You are too injured to fight recklessly!
You are too injured to fight recklessly!
You are too injured to fight recklessly!
You are too injured to fight recklessly!
You are too injured to fight recklessly!
You are too injured to fight recklessly!
You are too injured to fight recklessly!
You are too injured to fight recklessly!
You are too injured to fight recklessly!
You are too injured to fight recklessly!
You are too injured to fight recklessly!
You are too injured to fight recklessly!
You are too injured to fight recklessly!
You are too injured to fight recklessly!
You are too injured to fight recklessly!
You are too injured to fight recklessly!
You are too injured to fight recklessly!
You are too injured to fight recklessly!
You hit the two-headed ogre.
You feel better.
The two-headed ogre is heavily wounded.
The two-headed ogre hits you with a +0 giant spiked club!
The two-headed ogre hits you but does no damage.
You hit the two-headed ogre.
You feel better.
You bite the two-headed ogre.
The two-headed ogre is severely wounded.
You whack the two-headed ogre!
You feel better.
You bite the two-headed ogre.
The two-headed ogre is almost dead.
The two-headed ogre hits you with a +0 giant spiked club!
* * * LOW HITPOINT WARNING * * *
The two-headed ogre hits you with a +0 giant club!
* * * LOW HITPOINT WARNING * * *
You barely miss the two-headed ogre. You bite the two-headed ogre.
The two-headed ogre is almost dead.
The two-headed ogre hits you with a +0 giant spiked club.
* * * LOW HITPOINT WARNING * * *
The two-headed ogre hits you with a +0 giant club.
You die...

#############
#....@O...<..
#.###########
#.# #.# #.#
#######.########
...............#
.######.######.#
#...........#.#


You could see a two-headed ogre.

Vanquished Creatures
  A two-headed ogre (D:5)
  An ugly thing (D:8)
  A water moccasin (D:5)
  An ice beast (D:5)
  2 black bears
  An ogre (D:6)
  3 centaurs
  A kobold brigand (D:7)
  A gnoll sergeant (D:6)
  4 scorpions
  A water moccasin skeleton (D:5)
  4 killer bees (D:8)
  3 wights (D:7)
  A crimson imp (D:7)
  4 howler monkeys
  2 jellies
  A centaur zombie (D:7)
  3 orc priests
  A bullfrog skeleton (D:7)
  5 hounds
  Jessica (D:3)
  5 orc wizards
  3 iguanas
  A hound zombie (D:5)
  Robin (D:4)
  3 gnolls (D:6)
  5 adders
  2 ufetubi (D:5)
  An adder skeleton (D:4)
  A worm (D:3)
  A dart slug (D:1)
  22 orcs
  9 ball pythons
  10 endoplasms
  7 giant cockroaches
  14 goblins
  9 hobgoblins
  6 jackals
  9 kobolds
  4 quokkas
  8 bats
  6 frilled lizards
  6 rats
175 creatures vanquished.

Notes
Turn   | Place    | Note
-------+----------+-------------------------------------------
     0 | D:1      | Alarak the Gnoll Fighter began the quest for the Orb.
     0 | D:1      | Reached XP level 1. HP: 23/23 MP: 1/1
   107 | D:1      | Reached XP level 2. HP: 29/29 MP: 2/2
   533 | D:1      | Found Keycsu's General Store.
   543 | D:1      | Reached XP level 3. HP: 35/35 MP: 3/3
   683 | D:1      | Found Piecog's Magic Scroll Shop.
  1266 | D:2      | Reached skill level 1 in Invocations
  1516 | D:2      | Found Famuyr's Magic Scroll Boutique.
  1802 | D:2      | Reached skill level 1 in Short Blades
  1802 | D:2      | Reached skill level 1 in Axes
  1802 | D:2      | Reached skill level 1 in Maces & Flails
  1802 | D:2      | Reached skill level 1 in Polearms
  1802 | D:2      | Reached skill level 1 in Staves
  1802 | D:2      | Reached skill level 1 in Slings
  1802 | D:2      | Reached skill level 1 in Bows
  1802 | D:2      | Reached skill level 1 in Crossbows
  1802 | D:2      | Reached skill level 1 in Throwing
  1802 | D:2      | Reached skill level 1 in Dodging
  1802 | D:2      | Reached skill level 1 in Stealth
  1802 | D:2      | Reached skill level 1 in Unarmed Combat
  1802 | D:2      | Reached skill level 1 in Spellcasting
  1802 | D:2      | Reached skill level 1 in Evocations
  2167 | D:3      | Noticed Jessica
  2173 | D:3      | Killed Jessica
  2174 | D:3      | Reached XP level 4. HP: 34/41 MP: 5/5
  2197 | D:3      | Reached skill level 1 in Conjurations
  2197 | D:3      | Reached skill level 1 in Hexes
  2197 | D:3      | Reached skill level 1 in Summonings
  2197 | D:3      | Reached skill level 1 in Necromancy
  2197 | D:3      | Reached skill level 1 in Translocations
  2197 | D:3      | Reached skill level 1 in Transmutations
  2197 | D:3      | Reached skill level 1 in Fire Magic
  2197 | D:3      | Reached skill level 1 in Ice Magic
  2197 | D:3      | Reached skill level 1 in Air Magic
  2197 | D:3      | Reached skill level 1 in Earth Magic
  2197 | D:3      | Reached skill level 1 in Poison Magic
  2998 | D:3      | Reached XP level 5. HP: 47/47 MP: 6/6
  4005 | D:4      | Reached XP level 6. HP: 11/53 MP: 8/8
  4516 | D:4      | Noticed Robin
  4557 | D:4      | Killed Robin
  4761 | D:4      | Reached skill level 5 in Long Blades
  5082 | D:5      | Entered Level 5 of the Dungeon
  5246 | D:5      | Noticed a black bear
  5256 | D:5      | Killed a black bear
  5257 | D:5      | Reached XP level 7. HP: 48/60 MP: 10/10
  5411 | D:5      | Found a hide-covered altar of Uskayaw.
  6033 | D:5      | Reached XP level 8. HP: 65/67 MP: 12/12
  6061 | D:5      | Noticed a two-headed ogre
  6078 | D:5      | Killed a two-headed ogre
  6562 | D:6      | Reached XP level 9. HP: 59/72 MP: 14/14
  6765 | D:6      | Found a glowing golden altar of the Shining One.
  6792 | D:6      | Identified the Catalogue of the Floating Rocks
  7358 | D:7      | Reached skill level 5 in Short Blades
  7358 | D:7      | Reached skill level 5 in Axes
  7358 | D:7      | Reached skill level 5 in Maces & Flails
  7358 | D:7      | Reached skill level 5 in Polearms
  7358 | D:7      | Reached skill level 5 in Staves
  7358 | D:7      | Reached skill level 5 in Slings
  7358 | D:7      | Reached skill level 5 in Bows
  7358 | D:7      | Reached skill level 5 in Crossbows
  7358 | D:7      | Reached skill level 5 in Throwing
  7358 | D:7      | Reached skill level 5 in Dodging
  7358 | D:7      | Reached skill level 5 in Stealth
  7358 | D:7      | Reached skill level 5 in Unarmed Combat
  7358 | D:7      | Reached skill level 5 in Spellcasting
  7358 | D:7      | Reached skill level 5 in Evocations
  7358 | D:7      | Reached XP level 10. HP: 82/82 MP: 15/18
  7543 | D:7      | Found a staircase to the Ecumenical Temple.
  7551 | D:7      | Found a shimmering altar of Xom.
  7553 | Temple   | Entered the Ecumenical Temple
  7647 | Temple   | Became a worshipper of Warmaster Okawaru
  7671 | D:7      | Found an opulent altar of Gozag.
  7795 | D:7      | Found a sparkling altar of Nemelex Xobeh.
  7831 | D:7      | Found a blossoming altar of Fedhas.
  7842 | D:7      | Found a sacrificial altar of Ru.
  8077 | D:7      | Reached skill level 5 in Conjurations
  8077 | D:7      | Reached skill level 5 in Hexes
  8077 | D:7      | Reached skill level 5 in Summonings
  8077 | D:7      | Reached skill level 5 in Necromancy
  8077 | D:7      | Reached skill level 5 in Translocations
  8077 | D:7      | Reached skill level 5 in Transmutations
  8077 | D:7      | Reached skill level 5 in Fire Magic
  8077 | D:7      | Reached skill level 5 in Ice Magic
  8077 | D:7      | Reached skill level 5 in Air Magic
  8077 | D:7      | Reached skill level 5 in Earth Magic
  8077 | D:7      | Reached skill level 5 in Poison Magic
  8080 | D:7      | Found a broken altar of Ashenzari.
  8179 | D:7      | Found a burning altar of Makhleb.
  8185 | D:7      | Found a radiant altar of Vehumet.
  8934 | D:8      | Noticed a purple ugly thing
  8953 | D:8      | Killed a purple ugly thing
  8953 | D:8      | Reached * piety under Okawaru
  9127 | D:8      | Noticed a two-headed ogre
  9137 | D:8      | HP: 3/83 [two-headed ogre (4)]
  9137 | D:8      | Slain by a two-headed ogre

Illustrated notes

Levels and vault maps discovered:
D:1:      nagdon_arrival_zigzag_paths, layout_basic, serial_shops, shop, shop,
          lemuel_old_faithful
D:2:      layout_loops_corners, serial_shops, nicolae_shop_trees,
          grunt_decor_one_mirror
D:3:      layout_basic, uniq_jessica
D:4:      layout_loops_corners, st_stairs_1, uniq_robin
D:5:      layout_basic, nicolae_overflow_hidden_temple
D:6:      layout_loops_ring, nicolae_tso_carved_into_rock, kennysheep_nub
D:7:      layout_cave_pools, grunt_temple_overflow_lords_of_destruction,
          evilmike_ruin_ashenzari, grunt_temple_overflow_open,
          minmay_temple_entry_drinking_statues
D:8:      minmay_octagon_keep, layout_basic, enter_bailey_2, minivault_25
Temple:   nicolae_temple_hex_pool

Skill      XL: |  1  2  3  4  5  6  7  8  9 10 |
---------------+-------------------------------+-----
Invocations    | 1 2 3 4 6 |  6.7
Short Blades   | 1 2 3 5 6 |  6.1
Axes           | 1 2 3 5 6 |  6.1
Maces & Flails | 1 2 3 5 6 |  6.1
Polearms       | 1 2 3 5 6 |  6.1
Staves         | 1 2 3 5 6 |  6.1
Slings         | 1 2 3 5 6 |  6.1
Bows           | 1 2 3 5 6 |  6.1
Crossbows      | 1 2 3 5 6 |  6.1
Throwing       | 1 2 3 5 6 |  6.1
Dodging        | 1 2 3 5 6 |  6.1
Stealth        | 1 2 3 5 6 |  6.1
Unarmed Combat | 1 2 3 5 6 |  6.1
Spellcasting   | 1 2 3 5 6 |  6.1
Evocations     | 1 2 3 5 6 |  6.1
Conjurations   | 1 2 3 4 5 |  5.0
Hexes          | 1 2 3 4 5 |  5.0
Summonings     | 1 2 3 4 5 |  5.0
Necromancy     | 1 2 3 4 5 |  5.0
Translocations | 1 2 3 4 5 |  5.0
Transmutations | 1 2 3 4 5 |  5.0
Fire Magic     | 1 2 3 4 5 |  5.0
Ice Magic      | 1 2 3 4 5 |  5.0
Air Magic      | 1 2 3 4 5 |  5.0
Earth Magic    | 1 2 3 4 5 |  5.0
Poison Magic   | 1 2 3 4 5 |  5.0
Long Blades    | 5 6 7 |  7.7
Fighting       | 7 8 9 |  9.1
Armour         | 7 8 9 |  9.1
Shields        | 7 8 9 |  9.1

Action                   |  1- 3 |  4- 6 |  7- 9 | 10-12 || total
-------------------------+-------+-------+-------+-------++-------
Melee: Long sword        |    74 |       |       |       ||    74
       Bite              |    18 |    23 |    10 |    18 ||    69
       Whip              |   101 |   260 |    70 |   101 ||   532
       Short sword       |       |       |     9 |       ||     9
 Fire: Hunting sling     |       |    21 |    77 |    82 ||   180
  Use: Potion            |       |     1 |     1 |     2 ||     4
       Scroll            |       |       |    13 |     1 ||    14
Armor: Scale mail        |    54 |    91 |       |       ||   145
       Chain mail        |       |    23 |    51 |    81 ||   155
Dodge: Dodged            |    51 |    88 |    26 |    45 ||   210
Block: Kite shield       |    92 |   171 |    58 |   102 ||   423
       Rpst.: Long sword |    10 |       |       |       ||    10

Table legend: (Time is in decaauts)
 A = Elapsed time spent in this place.
 B = Non-inter-level travel time spent in this place.
 C = Inter-level travel time spent in this place.
 D = Time resting spent in this place.
 E = Time spent auto-exploring this place.
 F = Levels seen in this place.
 G = Mean time per level.
                   A        B        C        D        E       F      G
               +--------+--------+--------+--------+--------+-----+--------+
         Total |   9262 |   8431 |    831 |   1240 |   5832 |   9 | 1029.1 |
       Dungeon |   9146 |   8357 |    789 |   1240 |   5760 |   8 | 1143.2 |
        Temple |    115 |     73 |     42 |      0 |     72 |   1 |  115.0 |
               +--------+--------+--------+--------+--------+-----+--------+

Top non-repeatable levels by time:
     D:4: 1740 daAuts
     D:1: 1335 daAuts
     D:5: 1274 daAuts
     D:3: 1074 daAuts
     D:2: 1030 daAuts
     D:6: 1010 daAuts
     D:7: 929 daAuts
     D:8: 751 daAuts
  Temple: 115 daAuts
